HSSL
MADAWASKA VALLEY HS WOLVES @ MASCONOMET HS CHIEFTANS
04/27/2030
 
TOP OF THE 1ST
Madawaska Valley HS Wolves batting - Pitching for Masconomet HS Chieftans : RHP Shawn Gross
Pitching: RHP Shawn Gross
Batting: LHB Eugene Rogers 0-0: Called Strike
0-1: Ground out 4-3 (Groundball, 4)
Batting: LHB Ricardo Carrillo 0-0: Ball
1-0: Called Strike
1-1: Ball
2-1: SINGLE (Groundball, 4MD)
Batting: LHB Marvin Martin 0-0: Hit by Pitch
Ricardo Carrillo to second
Batting: LHB Carl Childs 0-0: Ball
1-0: Ball
2-0: Foul Ball, location: 2F
2-1: Foul Ball, location: 2F
2-2: Ball
3-2: Fly out, F9 (Line Drive, 9)
Batting: LHB Bob Stafford 0-0: Foul Ball, location: 2F
0-1: Ground out 6-3 (Groundball, 56D)
Top of the 1st over - 0 runs, 1 hit, 0 errors, 2 left on base; Madawaska Valley HS 0 - Masconomet HS 0
BOTTOM OF THE 1ST
Masconomet HS Chieftans batting - Pitching for Madawaska Valley HS Wolves : RHP Francisco Romo
Pitching: RHP Francisco Romo
Batting: RHB Otis Moore 0-0: Ground out 5-3 (Groundball, 56)
Batting: RHB Robby Bailey 0-0: Ball
1-0: SINGLE (Line Drive, 5D)
Batting: RHB Alec Bowers 0-0: Ball
1-0: Ball
2-0: Foul Ball, location: 2F
2-1: Ball
3-1: Ground out U3 (Groundball, 2R)
Robby Bailey to second
Batting: RHB Brian Knox 0-0: Called Strike
0-1: Swinging Strike
0-2: Ball
1-2: Ball
2-2: SINGLE (Groundball, 2L) (infield hit)
Robby Bailey to third
Batting: RHB Tom Petersen 0-0: Ball
1-0: Ball
2-0: Fielders Choice at 2nd, 6-4 (Groundball, 56)
Bottom of the 1st over - 0 runs, 2 hits, 0 errors, 2 left on base; Madawaska Valley HS 0 - Masconomet HS 0
TOP OF THE 2ND
Madawaska Valley HS Wolves batting - Pitching for Masconomet HS Chieftans : RHP Shawn Gross
Batting: RHB Rory Dickey 0-0: Called Strike
0-1: Ball
1-1: Ball
2-1: Ball
3-1: Called Strike
3-2: Strikes out swinging
Batting: LHB Bradley Bean 0-0: Ball
1-0: Called Strike
1-1: SINGLE (Groundball, 34) (infield hit)
Batting: RHB Jim Barnes 0-0: Ball
1-0: Grounds into double play, 5-4-3 (Groundball, 56)
Top of the 2nd over - 0 runs, 1 hit, 0 errors, 0 left on base; Madawaska Valley HS 0 - Masconomet HS 0
BOTTOM OF THE 2ND
Masconomet HS Chieftans batting - Pitching for Madawaska Valley HS Wolves : RHP Francisco Romo
Batting: LHB Tommy McRath 0-0: Ball
1-0: Called Strike
1-1: Ball
2-1: Called Strike
2-2: Strikes out looking
Batting: RHB Ross Thrower 0-0: Ball
1-0: Swinging Strike
1-1: Foul Ball, location: 2F
1-2: Fly out, F8 (Flyball, 8RM)
Batting: LHB John Coffey 0-0: Ball
1-0: Foul Ball, location: 2F
1-1: Ball
2-1: Foul Ball, location: 2F
2-2: Strikes out swinging
Bottom of the 2nd over - 0 runs, 0 hits, 0 errors, 0 left on base; Madawaska Valley HS 0 - Masconomet HS 0
TOP OF THE 3RD
Madawaska Valley HS Wolves batting - Pitching for Masconomet HS Chieftans : RHP Shawn Gross
Batting: SHB Robert Bradshaw 0-0: Swinging Strike
0-1: Foul Ball, location: 2F
0-2: Ball
1-2: Ball
2-2: Foul Ball, location: 2F
2-2: Ground out 4-3 (Groundball, 4MS)
Batting: LHB Eugene Rogers 0-0: Ball
1-0: Foul Ball, location: 2F
1-1: SINGLE (Line Drive, 9S)
Batting: LHB Ricardo Carrillo 0-0: SINGLE (Line Drive, 4M)
Eugene Rogers to second
Batting: LHB Marvin Martin 0-0: Ball
1-0: SINGLE (Groundball, 4MD)
Eugene Rogers to third
Ricardo Carrillo to second
Runner from 3rd tries for Home, SAFE, no throw
Batting: LHB Carl Childs 0-0: Ball
1-0: Ball
2-0: Called Strike
2-1: Swinging Strike
2-2: Ball
3-2: Strikes out swinging
Batting: LHB Bob Stafford 0-0: Called Strike
0-1: SINGLE (Groundball, 2L) (infield hit)
Ricardo Carrillo to third
Marvin Martin to second
Batting: RHB Rory Dickey 0-0: Foul Ball, location: 2F
0-1: Ball
1-1: Ball
2-1: SINGLE (Groundball, 2L) (infield hit)
Ricardo Carrillo scores
Marvin Martin to third
Bob Stafford to second
Batting: LHB Bradley Bean 0-0: Called Strike
0-1: Ball
1-1: Fly out, F8 (Flyball, 89D)
Top of the 3rd over - 2 runs, 5 hits, 0 errors, 3 left on base; Madawaska Valley HS 2 - Masconomet HS 0
BOTTOM OF THE 3RD
Masconomet HS Chieftans batting - Pitching for Madawaska Valley HS Wolves : RHP Francisco Romo
Batting: RHB Jim Mann 0-0: Called Strike
0-1: Ball
1-1: Swinging Strike
1-2: Foul Ball, location: 2F
1-2: Ball
2-2: Ball
3-2: Ground out 5-3 (Groundball, 56S)
Batting: RHB Otis Moore 0-0: Ball
1-0: Swinging Strike
1-1: Fly out, F9 (Flyball, 89D)
Batting: RHB Robby Bailey 0-0: Called Strike
0-1: Ball
1-1: Ball
2-1: Swinging Strike
2-2: SINGLE (Line Drive, 9)
Batting: RHB Alec Bowers 0-0: Fielders Choice at 2nd, 5-4 (Groundball, 56)
Bottom of the 3rd over - 0 runs, 1 hit, 0 errors, 1 left on base; Madawaska Valley HS 2 - Masconomet HS 0
TOP OF THE 4TH
Madawaska Valley HS Wolves batting - Pitching for Masconomet HS Chieftans : RHP Shawn Gross
Batting: RHB Jim Barnes 0-0: Called Strike
0-1: Ground out 6-3 (Groundball, 6)
Batting: SHB Robert Bradshaw 0-0: Ball
1-0: Foul Ball, location: 2F
1-1: Ball
2-1: Ground out 3-1 (Groundball, 34S)
Batting: LHB Eugene Rogers 0-0: Called Strike
0-1: Ball
1-1: SINGLE (Groundball, 4MD)
Batting: LHB Ricardo Carrillo 0-0: Ball
1-0: Ball
2-0: Called Strike
2-1: Fielders Choice at 2nd, U6 (Groundball, 6M)
Top of the 4th over - 0 runs, 1 hit, 0 errors, 1 left on base; Madawaska Valley HS 2 - Masconomet HS 0
BOTTOM OF THE 4TH
Masconomet HS Chieftans batting - Pitching for Madawaska Valley HS Wolves : RHP Francisco Romo
Batting: RHB Brian Knox 0-0: Ball
1-0: Foul Ball, location: 2F
1-1: Ground out 1-3 (Groundball, P)
Batting: RHB Tom Petersen 0-0: Ball
1-0: Called Strike
1-1: Fly out, F2 (Popup, 23F)
Batting: LHB Tommy McRath 0-0: SINGLE (Line Drive, 34D)
Batting: RHB Ross Thrower 0-0: Fly out, F3 (Popup, 34S)
Bottom of the 4th over - 0 runs, 1 hit, 0 errors, 1 left on base; Madawaska Valley HS 2 - Masconomet HS 0
TOP OF THE 5TH
Madawaska Valley HS Wolves batting - Pitching for Masconomet HS Chieftans : RHP Shawn Gross
Batting: LHB Marvin Martin 0-0: Ball
1-0: SINGLE (Flyball, 9LS)
Batting: LHB Carl Childs 0-0: Called Strike
0-1: Ball
1-1: Ball
2-1: Ball
3-1: SINGLE (Flyball, 9LM)
Marvin Martin to second
Batting: LHB Bob Stafford 0-0: Ball
1-0: Foul Ball, location: 2F
1-1: Grounds out, U3 (Groundball, 3L)
Marvin Martin to third
Batting: RHB Rory Dickey 0-0: Ball
1-0: Called Strike
1-1: Foul Ball, location: 2F
1-2: Ball
2-2: SINGLE (Groundball, 34D)
Marvin Martin scores
Carl Childs to third
Pitching: RHP Matt Hansen
Batting: LHB Bradley Bean 0-0: Ball
1-0: Foul Ball, location: 2F
1-1: Called Strike
1-2: Ball
2-2: Foul Ball, location: 2F
2-2: Foul Ball, location: 2F
2-2: Strikes out swinging
Batting: RHB Jim Barnes 0-0: Called Strike
0-1: Fly out, F9 (Line Drive, 89D)
Top of the 5th over - 1 run, 3 hits, 0 errors, 2 left on base; Madawaska Valley HS 3 - Masconomet HS 0
BOTTOM OF THE 5TH
Masconomet HS Chieftans batting - Pitching for Madawaska Valley HS Wolves : RHP Francisco Romo
Batting: LHB John Coffey 0-0: Ball
1-0: Ball
2-0: Called Strike
2-1: Swinging Strike
2-2: Fly out, F8 (Flyball, 78D)
Batting: RHB Jim Mann 0-0: Ball
1-0: Fly out, F7 (Flyball, 7LS)
Batting: RHB Otis Moore 0-0: Ball
1-0: Ball
2-0: Ground out 5-3 (Groundball, 5)
Bottom of the 5th over - 0 runs, 0 hits, 0 errors, 0 left on base; Madawaska Valley HS 3 - Masconomet HS 0
TOP OF THE 6TH
Madawaska Valley HS Wolves batting - Pitching for Masconomet HS Chieftans : RHP Matt Hansen
Batting: SHB Robert Bradshaw 0-0: Called Strike
0-1: Foul Ball, location: 2F
0-2: Ball
1-2: Foul Ball, location: 2F
1-2: Strikes out swinging, 2-3 out at first.
Batting: LHB Eugene Rogers 0-0: Ball
1-0: Called Strike
1-1: Swinging Strike
1-2: Ground out 5-3 (Groundball, 5S)
Batting: LHB Ricardo Carrillo 0-0: Swinging Strike
0-1: Foul Ball, location: 2F
0-2: Ball
1-2: Strikes out looking
Top of the 6th over - 0 runs, 0 hits, 0 errors, 0 left on base; Madawaska Valley HS 3 - Masconomet HS 0
BOTTOM OF THE 6TH
Masconomet HS Chieftans batting - Pitching for Madawaska Valley HS Wolves : RHP Francisco Romo
Batting: RHB Robby Bailey 0-0: Swinging Strike
0-1: Foul Ball, location: 2F
0-2: Fly out, F4 (Line Drive, 4M)
Batting: RHB Alec Bowers 0-0: Ball
1-0: Ball
2-0: Called Strike
2-1: Fly out, F9 (Flyball, 9S)
Batting: RHB Brian Knox 0-0: Ball
1-0: Ball
2-0: Called Strike
2-1: Ball
3-1: Base on Balls
Batting: RHB Tom Petersen 0-0: Called Strike
0-1: Ball
1-1: Fly out, F9 (Line Drive, 9)
Bottom of the 6th over - 0 runs, 0 hits, 0 errors, 1 left on base; Madawaska Valley HS 3 - Masconomet HS 0
TOP OF THE 7TH
Madawaska Valley HS Wolves batting - Pitching for Masconomet HS Chieftans : RHP Matt Hansen
Batting: LHB Marvin Martin 0-0: Called Strike
0-1: Called Strike
0-2: Ball
1-2: Ball
2-2: Ball
3-2: Foul Ball, location: 2F
3-2: SINGLE (Groundball, 3) (infield hit)
Pitching: LHP Steve Tanner
Batting: LHB Carl Childs 0-0: Called Strike
0-1: Foul Ball, location: 2F
0-2: Foul Ball, location: 2F
0-2: Ball
1-2: Strikes out swinging
Batting: LHB Bob Stafford 0-0: Ball
1-0: SINGLE (Line Drive, 8RS)
Marvin Martin to second
Pitching: LHP Chris Bryant
Batting: RHB Rory Dickey 0-0: Swinging Strike
0-1: Ball
1-1: Grounds into double play, 6-4-3 (Groundball, 6)
Top of the 7th over - 0 runs, 2 hits, 0 errors, 1 left on base; Madawaska Valley HS 3 - Masconomet HS 0
BOTTOM OF THE 7TH
Masconomet HS Chieftans batting - Pitching for Madawaska Valley HS Wolves : RHP Francisco Romo
Batting: LHB Tommy McRath 0-0: DOUBLE (Line Drive, 8LXD)
Pitching: RHP Ramón Reyes
Batting: RHB Ross Thrower 0-0: Ball
1-0: Ball
2-0: Ball
3-0: Base on Balls
Batting: LHB John Coffey 0-0: Ball
1-0: 3-RUN HOME RUN (Flyball, 89XD), Distance : 431 ft
Pitching: LHP Jason Webb
Batting: RHB Jim Mann 0-0: Swinging Strike
0-1: Swinging Strike
0-2: Ball
1-2: Strikes out swinging
Batting: RHB Otis Moore 0-0: Called Strike
0-1: Called Strike
0-2: SINGLE (Line Drive, 8LS)
Batting: RHB Robby Bailey 0-0: Called Strike
0-1: Foul Ball, location: 2F
0-2: Ball
Balk!
Otis Moore to second
1-2: Strikes out swinging
Batting: RHB Alec Bowers 0-0: Ball
1-0: Foul Ball, location: 2F
1-1: Ball
2-1: Ball
3-1: DOUBLE (Flyball, 89D)
Otis Moore scores
Batting: RHB Brian Knox 0-0: Called Strike
0-1: Called Strike
0-2: Ball
1-2: Foul Ball, location: 2F
1-2: Strikes out swinging
Bottom of the 7th over - 4 runs, 4 hits, 0 errors, 1 left on base; Madawaska Valley HS 3 - Masconomet HS 4
TOP OF THE 8TH
Madawaska Valley HS Wolves batting - Pitching for Masconomet HS Chieftans : LHP Chris Bryant
Now at 1B: Irwin Harris
Batting: LHB Bradley Bean 0-0: Called Strike
0-1: SINGLE (Flyball, 7LM)
Batting: RHB Jim Barnes 0-0: Ball
1-0: Ball
2-0: Foul Ball, location: 2F
2-1: Sac Bunt - play at first, batter OUT! 1-4
Bradley Bean to second
Pinch Hitting: RHB Earl Austin 0-0: Ball
1-0: Ball
2-0: Ball
3-0: Base on Balls
Pinch Hitting: RHB Bill Martínez 0-0: Called Strike
0-1: Ball
1-1: Swinging Strike
1-2: Ball
2-2: Foul Ball, location: 2F
2-2: Foul Ball, location: 2F
2-2: Ball
3-2: Foul Ball, location: 2F
3-2: Foul Ball, location: 2F
3-2: Foul Ball, location: 2F
3-2: SINGLE (Flyball, 8RS)
Bradley Bean to third
Earl Austin to second
Runner from 3rd tries for Home, SAFE, no throw
Batting: LHB Ricardo Carrillo 0-0: Ball
1-0: Swinging Strike
1-1: Ground out U3 (Groundball, 34S)
Earl Austin to third
Bill Martínez to second
Batting: LHB Marvin Martin 0-0: Swinging Strike
0-1: Swinging Strike
0-2: Ball
1-2: Ball
2-2: SINGLE (Line Drive, 89S)
Earl Austin scores
Bill Martínez to third
Batting: LHB Carl Childs 0-0: Ball
1-0: Foul Ball, location: 2F
1-1: SINGLE (Groundball, 6MD)
Bill Martínez scores
Marvin Martin to second
Pitching: RHP Mark Jones
Batting: LHB Bob Stafford 0-0: Hit by Pitch
Marvin Martin to third
Carl Childs to second
Batting: RHB Rory Dickey 0-0: Ball
1-0: Called Strike
1-1: Fielders Choice at 2nd, 6-4 (Groundball, 6)
Top of the 8th over - 3 runs, 4 hits, 0 errors, 3 left on base; Madawaska Valley HS 6 - Masconomet HS 4
BOTTOM OF THE 8TH
Masconomet HS Chieftans batting - Pitching for Madawaska Valley HS Wolves : LHP Jason Webb
Now at 2B: Jeff Kinser
Now at SS: Earl Austin
Batting: RHB Tom Petersen 0-0: Swinging Strike
0-1: Ball
1-1: Ball
2-1: Foul Ball, location: 2F
2-2: Ball
3-2: Strikes out swinging
Batting: LHB Tommy McRath 0-0: Swinging Strike
0-1: Called Strike
0-2: Ball
1-2: Ball
2-2: Ball
3-2: Foul Ball, location: 2F
3-2: DOUBLE (Line Drive, 7LD)
Batting: RHB Ross Thrower 0-0: Ball
1-0: Called Strike
1-1: Ball
2-1: Ball
3-1: Base on Balls
Batting: LHB John Coffey 0-0: Called Strike
0-1: Ball
1-1: Swinging Strike
1-2: Strikes out looking
Pitching: RHP Jorge Morín
Batting: RHB Jim Mann 0-0: Fly out, F6 (Popup, 6M)
Bottom of the 8th over - 0 runs, 1 hit, 0 errors, 2 left on base; Madawaska Valley HS 6 - Masconomet HS 4
TOP OF THE 9TH
Madawaska Valley HS Wolves batting - Pitching for Masconomet HS Chieftans : RHP Mark Jones
Pitching: LHP José Martínez
Batting: LHB Bradley Bean 0-0: Called Strike
0-1: Ball
1-1: Ball
2-1: Ground out U3 (Groundball, 3L)
Batting: RHB Jim Barnes 0-0: Ball
1-0: Swinging Strike
1-1: Ball
2-1: Ball
3-1: Swinging Strike
3-2: Strikes out swinging
Batting: RHB Earl Austin 0-0: Called Strike
0-1: Foul Ball, location: 2F
0-2: Ball
1-2: Ball
2-2: Strikes out swinging
Top of the 9th over - 0 runs, 0 hits, 0 errors, 0 left on base; Madawaska Valley HS 6 - Masconomet HS 4
BOTTOM OF THE 9TH
Masconomet HS Chieftans batting - Pitching for Madawaska Valley HS Wolves : RHP Jorge Morín
Pitching: LHP Jerry Davis
Batting: RHB Otis Moore 0-0: Called Strike
0-1: Ball
1-1: Ball
2-1: Swinging Strike
2-2: Ball
3-2: Strikes out looking
Batting: RHB Robby Bailey 0-0: Ball
1-0: Called Strike
1-1: Called Strike
1-2: Fly out, F8 (Flyball, 8RD)
Batting: RHB Irwin Harris 0-0: Ball
1-0: Foul Ball, location: 2F
1-1: Called Strike
1-2: Foul Ball, location: 2F
1-2: Ball
2-2: Ball
3-2: Base on Balls
Batting: RHB Brian Knox 0-0: Called Strike
0-1: Swinging Strike
0-2: Hit by Pitch
Irwin Harris to second
Batting: RHB Tom Petersen 0-0: Ball
1-0: Ball
2-0: Foul Ball, location: 2F
2-1: Ball
3-1: Foul Ball, location: 2F
3-2: Foul Ball, location: 2F
3-2: SINGLE (Groundball, 56S) (infield hit)
Irwin Harris to third
Brian Knox to second
Batting: LHB Tommy McRath 0-0: Foul Ball, location: 2F
0-1: DOUBLE (Line Drive, 7D)
Irwin Harris scores
Brian Knox scores
Tom Petersen to third
Batting: RHB Ross Thrower 0-0: Foul Ball, location: 2F
0-1: SINGLE (Line Drive, 78M)
Tom Petersen scores
Saturday, April 7th, 2018 - OOTP Baseball 18.8 Build 76